Map: Primeval Wilds

Players

Daveover

  • Race: Protoss Protoss
  • League: Silver
  • Spawn Location: 12:00

Wrongway

  • Race: Zerg Zerg
  • League: Gold
  • Spawn Location: 12:00

NovoMind

  • Race: Terran Terran
  • League: Silver
  • Spawn Location: 3:00

gamer

  • Race: Protoss Protoss
  • Spawn Location: 9:00

Killa - Winner!

  • Race: Terran Terran
  • Spawn Location: 6:00

BoxHill - Winner!

  • Race: Terran Terran
  • Spawn Location: 6:00

Infamous - Winner!

  • Race: Protoss Protoss
  • League: Gold
  • Spawn Location: 5:00

ACTRON - Winner!

  • Race: Zerg Zerg
  • League: Platinum
  • Spawn Location: 7:00

VOD

Have the link to the VOD?

Description

Time

  • Played on: April 12, 2018, 8:13 a.m.
  • Length: 14:24
Show
View Real Time Build Order
Export as new Build Order

Daveover Protoss 

Build Orders: Nexus First 

Get SALT Encoding   

  12  0:13  Probe  
  13  0:25  Probe  
  14  0:37  Probe  
  15  0:54  Nexus  
  15  1:04  Pylon  
  15  1:22  Probe  
  16  1:27  Assimilator  
  16  1:34  Pylon, Probe  
  17  1:47  Probe (Chrono Boost)  
  18  1:49  Assimilator  
  18  1:59  Probe (Chrono Boost)  
  19  2:05  Probe (Chrono Boost)  
  20  2:15  Probe x2 (Chrono Boost)  
  22  2:26  Probe x2 (Chrono Boost)  
  24  2:32  Probe x2 (Chrono Boost)  
  26  2:39  Probe  
  26  2:41  Probe  
  28  2:44  Gateway  
  28  2:46  Forge  
  28  2:51  Probe  
  28  2:54  Probe  
  30  3:00  Pylon  
  30  3:03  Probe  
  30  3:05  Pylon  
  31  3:18  Pylon  
  31  3:19  Probe (Chrono Boost)  
  32  3:25  Probe (Chrono Boost)  
  33  3:29  Probe (Chrono Boost)  
  33  3:33  Probe (Chrono Boost)  
  35  3:36  Probe (Chrono Boost)  
  35  3:38  Probe (Chrono Boost)  
  35  3:41  Cybernetics Core  
  37  3:45  Probe, Photon Cannon  
  38  3:49  Probe  
  38  3:51  Photon Cannon  
  39  3:57  Probe, Assimilator  
  39  4:00  Assimilator  
  39  4:01  Probe  
  41  4:04  Pylon  
  41  4:07  Pylon  
  41  4:10  Photon Cannon  
  41  4:13  Photon Cannon  
  41  4:17  Probe (Chrono Boost)  
  42  4:27  Probe (Chrono Boost)  
  43  4:32  Probe (Chrono Boost), Photon Cannon  
  44  4:43  Probe  
  45  4:53  Stargate  
  45  5:03  Pylon  
  45  5:05  Protoss Air Weapons Level 1 (Chrono Boost)  
  45  5:09  Protoss Shields Level 1 (Chrono Boost)  
  45  5:32  Stargate  
  45  5:36  Stargate  
  45  5:37  Void Ray (Chrono Boost)  
  49  5:56  Photon Cannon  
  49  6:03  Photon Cannon  
  49  6:07  Photon Cannon  
  49  6:11  Pylon  
  49  6:15  Pylon, Void Ray x2 (Chrono Boost)  
  49  6:18  Pylon, Void Ray (Chrono Boost)  
  61  6:51  Void Ray (Chrono Boost)  
  61  6:52  Void Ray x2 (Chrono Boost)  
  73  6:57  Protoss Air Armor Level 1  
  73  7:04  Fleet Beacon  
  73  7:14  Pylon  
  73  7:17  Photon Cannon  
  73  7:29  Void Ray (Chrono Boost)  
  73  7:32  Void Ray (Chrono Boost)  
  73  7:35  Void Ray (Chrono Boost)  
  85  8:04  Void Ray  
  89  8:07  Void Ray  
  93  8:14  Void Ray  
  97  8:47  Void Ray  
  101  8:50  Void Ray  
  105  8:57  Void Ray  
  69  9:30  Carrier  
  75  9:33  Carrier  
  75  9:37  Pylon  
  81  9:42  Nexus  
  81  9:50  Pylon  
  81  9:54  Pylon  
  81  9:56  Pylon  
  81  10:07  Pylon  
  81  10:10  Carrier (Chrono Boost)  
  81  10:11  Pylon  
  71  10:53  Carrier (Chrono Boost)  
  69  11:03  Carrier (Chrono Boost)  
  74  11:25  Carrier (Chrono Boost)  
  80  11:34  Graviton Catapult (Chrono Boost)  
  80  12:08  Carrier (Chrono Boost)  
  86  12:16  Carrier (Chrono Boost)  
  92  12:43  Carrier  
Show
View Real Time Build Order
Export as new Build Order

Wrongway Zerg 

Build Orders: Pool First 

Get SALT Encoding   

  12  0:07  Drone  
  13  0:19  Drone, Overlord  
  14  0:35  Spawning Pool  
  14  0:37  Extractor  
  14  0:41  Drone  
  13  0:44  Drone  
  15  1:04  Drone x3  
  17  1:16  Drone  
  20  1:35  Hatchery  
  17  1:48  Overlord  
  17  1:49  Drone x2  
  19  2:09  Drone  
  19  2:14  Queen  
  19  2:15  Metabolic Boost  
  22  2:18  Zergling x2  
  22  2:21  Zergling x2  
  24  2:33  Zergling x2  
  25  2:43  Zergling x2  
  26  2:47  Queen  
  26  2:49  Zergling x2  
  29  2:53  Lair  
  29  2:59  Drone x2  
  31  3:15  Hatchery  
  30  3:30  Drone x4  
  30  3:31  Drone  
  35  3:42  Drone  
  35  3:43  Extractor, Drone  
  35  3:47  Spore Crawler  
  35  3:48  Overlord  
  35  4:01  Drone, Overlord  
  35  4:02  Overlord  
  34  4:27  Queen  
  34  4:31  Drone x7  
  37  4:32  Drone  
  44  4:45  Drone  
  44  4:46  Drone x2  
  44  4:49  Spire  
  45  5:07  Drone x3, Extractor  
  45  5:08  Overlord x3  
  45  5:09  Extractor, Overlord  
  46  5:32  Drone x4  
  46  5:33  Drone x2, Overlord  
  46  5:34  Overlord x2  
  52  5:56  Drone  
  53  5:58  Spore Crawler  
  53  6:00  Mutalisk x3  
  53  6:01  Mutalisk x3  
  64  6:16  Mutalisk x2, Zerg Flyer Weapons Level 1  
  68  6:45  Mutalisk  
  68  6:46  Mutalisk x2  
  74  6:48  Overlord x5  
  74  6:49  Overlord  
  74  6:59  Mutalisk  
  74  7:00  Mutalisk  
  78  7:04  Zergling x16  
  78  7:05  Zergling x2  
  87  7:22  Mutalisk  
  87  7:23  Mutalisk  
  87  7:28  Mutalisk  
  93  7:30  Zergling x16  
  93  7:33  Drone  
  102  7:47  Mutalisk x2  
  106  8:12  Mutalisk  
  106  8:13  Mutalisk  
  110  8:20  Mutalisk  
  110  8:22  Zergling x8  
  110  8:23  Zergling x14  
  123  8:34  Mutalisk  
  123  8:35  Mutalisk  
  121  8:43  Extractor  
  115  8:48  Mutalisk  
  102  8:55  Mutalisk  
  81  9:14  Mutalisk  
  81  9:15  Mutalisk  
  81  9:16  Zergling x6  
  81  9:17  Zergling x22  
  90  9:19  Zergling x4  
  93  9:35  Mutalisk x2  
  96  9:49  Hatchery  
  95  10:01  Mutalisk  
  95  10:02  Mutalisk x2  
  101  10:11  Zerg Flyer Armor Level 1  
  101  10:25  Mutalisk  
Show
View Real Time Build Order
Export as new Build Order

NovoMind Terran 

Build Orders:  

Get SALT Encoding   

  12  0:01  SCV  
  13  0:16  SCV  
  14  0:24  Supply Depot  
  14  0:28  SCV  
  15  0:46  SCV  
  16  0:50  Barracks  
  16  0:58  SCV, Refinery  
  17  1:10  SCV  
  18  1:22  SCV  
  19  1:42  Marine, Bunker  
  19  1:46  SCV  
  21  1:55  Command Center  
  21  1:58  SCV  
  21  1:59  Marine  
  23  2:12  Refinery  
  23  2:34  Supply Depot  
  23  2:41  Factory  
  23  2:55  Marine, SCV  
  25  3:04  Supply Depot  
  25  3:07  SCV  
  25  3:11  SCV  
  25  3:12  Refinery  
  27  3:13  Marine  
  27  3:19  SCV  
  29  3:23  SCV  
  30  3:31  SCV  
  31  3:35  SCV  
  32  3:44  SCV  
  32  3:48  SCV  
  34  3:56  SCV, Refinery  
  34  4:00  SCV, Factory Tech Lab  
  36  4:08  SCV  
  37  4:10  Starport  
  37  4:12  SCV  
  38  4:20  SCV  
  40  4:24  SCV  
  40  4:27  Supply Depot  
  40  4:32  SCV  
  40  4:35  Starport  
  40  4:36  SCV  
  42  4:41  Starport  
  42  4:47  Starport Tech Lab  
  42  4:57  Supply Depot  
  42  5:07  Banshee  
  42  5:10  Cloaking Field  
  45  5:14  Starport  
  45  5:15  SCV  
  45  5:20  Supply Depot  
  46  5:23  Starport Tech Lab  
  46  5:26  Starport Tech Lab  
  46  5:27  SCV  
  47  5:39  SCV  
  47  5:40  Orbital Command  
  48  5:43  Supply Depot  
  48  5:46  Banshee  
  48  5:47  Banshee  
  54  5:50  Banshee  
  54  5:51  SCV  
  54  5:52  Starport Reactor  
  58  6:03  SCV  
  59  6:05  Supply Depot  
  59  6:32  Banshee x2  
  65  6:37  Banshee  
  68  6:44  Hyperflight Rotors  
  68  7:03  Siege Tank  
  68  7:07  Viking x2  
  75  7:15  Banshee x2  
  81  7:20  Banshee  
  84  7:30  Armory  
  84  7:35  Siege Tank  
  87  7:49  Viking x2  
  91  8:03  Banshee  
  91  8:04  Banshee  
  97  8:06  Banshee  
  97  9:24  Viking  
  97  9:25  Viking  
  101  9:32  Terran Ship Weapons Level 1  
  101  9:53  Armory  
  101  10:17  Viking x4  
  109  10:21  Supply Depot  
  109  10:23  Supply Depot x2  
  109  10:43  Terran Vehicle And Ship Armor Level 1, Viking  
  109  10:47  Viking x4  
  115  11:13  Viking  
  115  11:16  Viking x2  
  115  11:17  Viking x2  
  125  11:43  Viking  
  125  11:46  Viking x3  
Show
View Real Time Build Order
Export as new Build Order

gamer Protoss 

Build Orders: Cannon Rush 

Get SALT Encoding   

  12  0:03  Probe  
  13  0:18  Pylon  
  13  0:20  Probe  
  14  0:39  Forge  
  14  0:43  Pylon  
  14  0:47  Probe (Chrono Boost)  
  15  0:59  Probe (Chrono Boost)  
  16  1:07  Probe (Chrono Boost)  
  17  1:14  Photon Cannon  
  17  1:21  Photon Cannon  
  17  1:31  Gateway  
  17  1:37  Probe  
  18  1:49  Probe  
  19  1:59  Photon Cannon  
  19  2:01  Probe  
  20  2:10  Pylon  
  20  2:12  Assimilator  
  20  2:17  Assimilator  
  20  2:20  Zealot (Chrono Boost)  
  22  2:31  Pylon  
  22  2:32  Probe  
  25  2:44  Probe, Zealot (Chrono Boost)  
  25  2:45  Photon Cannon  
  26  2:56  Probe  
  27  3:02  Zealot (Chrono Boost)  
  29  3:13  Photon Cannon  
  29  3:17  Assimilator  
  29  3:22  Zealot  
  29  3:23  Pylon  
  31  3:28  Assimilator  
  31  3:30  Probe  
  32  3:42  Probe  
  32  3:48  Cybernetics Core  
  33  4:11  Photon Cannon  
  33  4:26  Nexus  
  33  4:34  Photon Cannon  
  33  4:42  Photon Cannon  
  33  4:45  Warp Gate (Chrono Boost)  
  33  4:55  Twilight Council  
  33  5:00  Pylon  
  33  5:22  Photon Cannon, Charge  
  33  5:24  Photon Cannon  
  33  5:39  Probe (Chrono Boost)  
  34  5:48  Stargate  
  35  5:50  Probe (Chrono Boost)  
  35  5:54  Probe (Chrono Boost)  
  36  6:05  Probe  
  37  6:17  Probe  
  38  6:22  Robotics Facility  
  38  6:29  Probe  
  39  6:36  Fleet Beacon  
  39  6:41  Probe  
  40  6:55  Protoss Air Weapons Level 1  
  40  7:04  Pylon  
  40  7:09  Protoss Shields Level 1  
  40  7:11  Observer  
  41  7:32  Anion Pulse-Crystals  
  41  7:39  Stalker  
  41  7:42  Observer  
  44  8:36  Phoenix  
  44  8:39  Robotics Bay  
  46  9:01  Phoenix  
  46  9:26  Phoenix  
  42  9:51  Tempest  
  48  9:52  Pylon  
  48  10:09  Observer  
  49  10:22  Stalker  
  51  10:34  Tempest  
  57  10:55  Observer  
  52  11:16  Colossus  
  52  11:17  Tempest  
  64  11:22  Zealot  
  64  11:40  Photon Cannon x2  
  64  11:42  Photon Cannon  
  63  11:51  Protoss Shields Level 2  
  63  12:27  Robotics Bay  
  51  12:33  Pylon  
  51  12:35  Pylon  
  50  12:37  Pylon  
  50  12:48  Tempest (Chrono Boost)  
  50  13:23  Tempest  
Show
View Real Time Build Order
Export as new Build Order

Killa Terran - Winner!

Build Orders:  

Get SALT Encoding   

  12  0:03  SCV  
  13  0:15  SCV  
  14  0:27  SCV  
  15  0:29  Supply Depot  
  15  0:37  Refinery  
  15  0:41  Refinery  
  15  0:54  Barracks  
  15  0:57  SCV  
  16  1:09  SCV  
  17  1:23  SCV  
  18  1:35  SCV  
  19  1:42  Barracks Reactor  
  19  1:50  Factory  
  19  2:03  Command Center  
  19  2:13  Orbital Command  
  19  2:50  Factory Tech Lab  
  19  3:04  Starport  
  19  3:05  Armory  
  19  3:09  Supply Depot  
  19  3:13  Siege Tank  
  22  3:30  Orbital Command  
  22  3:36  SCV  
  23  3:45  Siege Tank  
  26  3:49  SCV  
  26  3:54  Starport Reactor  
  27  4:00  Starport  
  27  4:03  SCV  
  28  4:15  SCV  
  29  4:17  Armory  
  29  4:23  Terran Ship Weapons Level 1  
  29  4:28  Supply Depot  
  29  4:44  Siege Tank  
  32  4:59  Supply Depot  
  32  5:05  Starport Reactor  
  32  5:14  Refinery  
  32  5:15  Refinery  
  32  5:16  SCV  
  32  5:20  SCV  
  34  5:26  Supply Depot  
  34  5:29  SCV  
  34  5:32  Siege Tank, SCV  
  39  5:41  SCV  
  40  5:44  SCV  
  41  5:52  Liberator  
  41  5:53  SCV  
  41  5:56  SCV  
  43  5:59  Terran Vehicle And Ship Armor Level 1  
  43  6:05  SCV  
  43  6:06  Starport  
  47  6:18  Command Center  
  47  6:33  SCV  
  47  6:35  SCV  
  47  6:36  Liberator  
  47  6:38  Liberator  
  49  6:40  Terran Ship Weapons Level 2  
  49  6:50  Supply Depot  
  49  6:51  Starport Reactor  
  52  6:56  Liberator  
  55  7:06  Liberator  
  55  7:14  Supply Depot  
  58  7:19  Liberator  
  61  7:37  Supply Depot  
  64  7:46  Engineering Bay  
  64  7:54  Terran Vehicle And Ship Armor Level 2  
  64  8:00  Supply Depot  
  64  8:02  Liberator  
  64  8:04  Liberator  
  67  8:24  Supply Depot  
  70  8:46  Supply Depot  
  67  8:51  Liberator  
  67  8:52  Liberator x2  
  46  9:56  Barracks  
  46  10:00  Terran Ship Weapons Level 3  
  46  10:02  Barracks  
  46  10:10  Liberator x4  
  46  10:20  Supply Depot  
  58  10:43  Supply Depot  
  58  10:46  Liberator  
  58  11:01  Terran Vehicle And Ship Armor Level 3  
  61  11:06  Supply Depot  
  61  11:10  Barracks Reactor  
  61  11:13  Barracks Reactor, Liberator  
  61  11:17  Liberator  
  61  11:18  Supply Depot  
  61  11:23  Missile Turret  
  67  11:42  Missile Turret  
  67  11:48  Starport  
  67  11:49  Liberator  
  67  11:52  Hi-Sec Auto Tracking  
  67  12:02  Missile Turret  
  70  12:21  Missile Turret  
  61  13:40  Viking x3  
  61  13:41  Viking x3  
Show
View Real Time Build Order
Export as new Build Order

BoxHill Terran - Winner!

Build Orders:  

Get SALT Encoding   

  12  0:03  SCV  
  13  0:18  Supply Depot, SCV  
  14  0:30  SCV  
  15  0:42  SCV  
  16  0:47  Barracks  
  16  0:51  Refinery  
  16  0:54  SCV  
  17  1:07  SCV  
  18  1:19  SCV  
  19  1:38  Supply Depot, Marine  
  20  1:47  Engineering Bay  
  20  1:56  Marine  
  21  2:04  SCV  
  22  2:16  SCV  
  22  2:19  Missile Turret  
  22  2:22  Command Center  
  23  2:27  Refinery  
  23  2:30  SCV  
  23  2:36  Building Armor  
  24  2:38  Marine  
  25  2:50  Orbital Command  
  25  3:00  Missile Turret  
  25  3:12  Marine  
  26  3:26  Factory  
  26  3:32  Supply Depot  
  26  3:45  Planetary Fortress  
  26  3:50  Missile Turret  
  26  4:12  Missile Turret  
  26  4:13  SCV  
  27  4:23  Command Center  
  27  4:30  SCV  
  28  4:31  Missile Turret  
  28  4:42  SCV  
  29  4:48  Factory Tech Lab  
  29  4:55  Starport, SCV  
  31  5:07  SCV  
  31  5:17  Missile Turret  
  31  5:19  SCV  
  32  5:31  SCV  
  32  5:32  Siege Tank  
  36  5:43  SCV  
  37  5:53  Starport Tech Lab  
  37  5:55  SCV  
  37  5:56  Starport  
  38  6:14  Orbital Command  
  38  6:16  Refinery  
  38  6:20  SCV  
  39  6:27  Refinery  
  39  6:31  Refinery  
  39  6:33  SCV  
  39  6:34  Missile Turret  
  39  6:39  Starport Tech Lab  
  40  6:45  SCV, Armory  
  41  6:49  Starport  
  41  6:55  Fusion Core  
  41  6:57  SCV  
  42  7:09  SCV  
  42  7:12  SCV  
  45  7:24  SCV  
  45  7:28  Starport Tech Lab  
  45  7:33  Terran Vehicle And Ship Armor Level 1  
  45  7:37  SCV  
  46  7:38  Armory  
  46  7:44  Weapon Refit  
  46  7:45  Supply Depot  
  46  7:46  Battlecruiser  
  52  7:58  Refinery  
  52  7:59  Battlecruiser  
  58  8:19  Supply Depot  
  58  8:33  Battlecruiser  
  64  8:34  Terran Ship Weapons Level 1  
  64  8:38  Supply Depot  
  60  8:54  Battlecruiser  
  66  9:21  Battlecruiser  
  69  9:38  Battlecruiser  
  69  9:52  Supply Depot  
  69  9:54  SCV  
  70  10:04  Battlecruiser  
  70  10:06  SCV  
  77  10:18  Command Center, SCV  
  77  10:19  Supply Depot  
  78  10:25  Siege Tank  
  81  10:30  SCV  
  82  10:41  Battlecruiser  
  82  10:42  SCV  
  89  10:57  Siege Tank  
  92  11:12  Supply Depot  
  92  11:13  Supply Depot  
  92  11:30  Battlecruiser  
  96  11:39  Battlecruiser  
  96  12:01  Refinery  
  102  12:08  Battlecruiser  
  102  13:01  Battlecruiser  
  108  13:19  Planetary Fortress  
  108  13:23  Refinery  
  108  13:50  Supply Depot  
  120  13:55  Supply Depot  
Show
View Real Time Build Order
Export as new Build Order

Infamous Protoss - Winner!

Build Orders:  

Get SALT Encoding   

  12  0:03  Probe  
  13  0:15  Pylon  
  13  0:34  Gateway  
  13  0:36  Probe  
  14  0:50  Probe (Chrono Boost)  
  15  1:01  Probe (Chrono Boost)  
  16  1:06  Assimilator  
  16  1:13  Probe (Chrono Boost)  
  17  1:23  Probe (Chrono Boost)  
  18  1:27  Cybernetics Core  
  18  1:28  Probe (Chrono Boost)  
  19  1:39  Probe  
  20  1:46  Assimilator  
  20  1:48  Pylon  
  19  1:59  Probe  
  20  2:03  Warp Gate  
  20  2:11  Probe  
  21  2:26  Nexus  
  21  2:30  Probe  
  22  2:43  Probe  
  22  2:44  Stalker  
  25  3:27  Probe  
  26  3:38  Gateway  
  26  3:40  Probe  
  27  3:42  Probe  
  27  3:43  Stargate  
  28  3:52  Probe  
  28  3:54  Probe  
  30  4:05  Probe  
  30  4:06  Probe  
  32  4:14  Pylon  
  32  4:17  Probe  
  32  4:22  Pylon  
  33  4:26  Pylon  
  33  4:29  Void Ray  
  37  4:38  Probe  
  37  4:39  Probe  
  37  4:40  Fleet Beacon  
  37  4:44  Assimilator  
  37  4:53  Stalker  
  37  4:54  Stalker  
  41  5:04  Stargate  
  41  5:06  Probe  
  41  5:07  Probe  
  43  5:15  Void Ray  
  43  5:16  Protoss Air Weapons Level 1 (Chrono Boost)  
  43  5:18  Probe  
  43  5:19  Probe  
  49  5:37  Probe, Assimilator  
  49  5:38  Probe  
  51  5:49  Carrier (Chrono Boost)  
  55  5:57  Probe x2  
  59  6:00  Graviton Catapult (Chrono Boost)  
  59  6:09  Probe x2  
  61  6:22  Probe x2  
  63  6:28  Carrier (Chrono Boost)  
  69  6:42  Pylon  
  69  6:45  Pylon  
  69  6:49  Pylon  
  69  6:51  Forge  
  69  7:05  Probe x2  
  69  7:06  Stargate  
  69  7:07  Stargate  
  71  7:10  Pylon  
  77  7:23  Shield Battery  
  77  7:25  Carrier (Chrono Boost)  
  77  7:34  Photon Cannon  
  77  7:39  Protoss Shields Level 1 (Chrono Boost)  
  77  7:43  Protoss Air Armor Level 1 (Chrono Boost)  
  77  7:44  Probe x2  
  77  7:45  Photon Cannon  
  77  7:49  Photon Cannon  
  77  7:50  Photon Cannon  
  79  7:59  Void Ray  
  83  8:06  Probe x2  
  85  8:36  Carrier  
  75  9:09  Void Ray  
  75  9:14  Pylon  
  75  9:15  Pylon  
  60  9:25  Probe (Chrono Boost)  
  60  9:30  Probe (Chrono Boost)  
  62  9:37  Probe (Chrono Boost)  
  63  9:38  Pylon  
  63  9:41  Pylon  
  63  9:43  Probe x2 (Chrono Boost)  
  65  9:52  Probe (Chrono Boost), Pylon, Void Ray  
  71  9:57  Probe (Chrono Boost)  
  71  10:04  Probe (Chrono Boost), Photon Cannon  
  72  10:11  Carrier x2 (Chrono Boost)  
  72  10:12  Carrier (Chrono Boost)  
  72  10:13  Photon Cannon  
  90  10:14  Photon Cannon  
  90  10:16  Photon Cannon  
  90  10:18  Anion Pulse-Crystals (Chrono Boost)  
  90  10:27  Probe x2  
  91  11:05  Carrier (Chrono Boost)  
  91  11:28  Nexus  
  91  11:31  Pylon  
  91  11:33  Pylon  
  91  11:35  Pylon  
  91  11:47  Carrier x2 (Chrono Boost)  
  103  11:59  Probe x2  
  105  12:06  Pylon  
  105  12:08  Pylon  
  105  12:31  Carrier (Chrono Boost)  
  105  12:34  Carrier (Chrono Boost)  
  117  12:46  Probe  
  117  12:47  Probe x2  
  114  12:59  Probe x2  
  128  13:58  Assimilator  
  128  14:01  Photon Cannon  
  128  14:03  Photon Cannon  
  128  14:05  Photon Cannon, Assimilator  
  128  14:07  Photon Cannon  
  128  14:09  Photon Cannon  
  128  14:11  Photon Cannon  
Show
View Real Time Build Order
Export as new Build Order

ACTRON Zerg - Winner!

Build Orders: Pool First, Swarm Host 

Get SALT Encoding   

  12  0:47  Drone x2  
  12  0:48  Spawning Pool  
  12  0:49  Drone  
  14  1:29  Overlord x3  
  14  1:44  Hatchery  
  13  1:48  Drone  
  13  1:50  Queen  
  16  2:06  Drone x2  
  18  2:14  Extractor  
  18  2:15  Drone  
  18  2:16  Extractor  
  17  2:25  Drone  
  18  2:36  Drone  
  19  2:47  Drone  
  20  3:02  Lair  
  20  3:08  Drone  
  20  3:09  Drone  
  20  3:10  Queen  
  24  3:19  Drone x4  
  28  3:36  Drone x2  
  28  3:40  Drone x3  
  28  3:41  Drone  
  34  3:45  Overlord  
  34  4:02  Drone x2  
  36  4:03  Extractor  
  36  4:05  Extractor, Drone x2  
  36  4:06  Drone x2  
  38  4:10  Drone x2  
  40  4:21  Infestation Pit  
  39  4:31  Spine Crawler  
  38  4:35  Drone x2  
  40  4:41  Spine Crawler  
  40  4:44  Drone x3  
  42  4:50  Drone x5  
  47  5:00  Drone  
  48  5:13  Spore Crawler  
  47  5:19  Spore Crawler  
  46  5:30  Burrow  
  46  5:32  Swarm Host  
  52  5:35  Overlord  
  52  5:36  Overlord x3  
  52  5:42  Overlord x4  
  52  6:02  Spore Crawler  
  51  6:04  Spore Crawler  
  51  6:09  Spore Crawler  
  49  6:12  Spore Crawler  
  48  6:21  Drone x4, Spore Crawler  
  51  6:25  Swarm Host  
  51  6:26  Swarm Host x2  
  69  6:37  Pneumatized Carapace  
  69  6:40  Overseer  
  69  6:54  Drone x3  
  71  6:56  Overlord x3  
  72  7:11  Spore Crawler  
  72  7:14  Drone  
  72  7:20  Spine Crawler  
  72  7:22  Drone x3  
  74  7:23  Drone  
  74  7:28  Spine Crawler  
  74  7:35  Spine Crawler  
  73  7:41  Spine Crawler  
  72  7:50  Swarm Host  
  99  7:54  Swarm Host  
  99  7:57  Overlord  
  102  11:49  Overseer  
  69  12:47  Swarm Host  
  78  12:52  Swarm Host  
  78  12:53  Swarm Host x2  
Tags
 
Add a new tag
Caveats
  • Supply blocks, unpowered buildings, or Contaminate may cause inaccurate times.
  • Supply counts are checked every 10 seconds.